 Dungeon Crawl Stone Soup version 0.21-a0-450-gd87a9b2 (webtiles) character file.

39 slep the Slasher (level 3, 0/29 HPs)
             Began as a Demonspawn Monk on Nov 18, 2017.
             Slain by an adder (4 damage)
             ... on level 1 of the Dungeon.
             The game lasted 00:03:19 (878 turns).

slep the Slasher (Demonspawn Monk)                   Turns: 878, Time: 00:03:20

Health: 0/29       AC:  5    Str: 11    XL:     3   Next: 28%
Magic:  3/3        EV: 12    Int: 11    God:
Gold:   53         SH:  0    Dex: 16    Spells: 2/2 levels left

rFire    . . .     SeeInvis .   a - +0 falchion
rCold    . . .     Gourm    .   (no shield)
rNeg     . . .     Faith    .   h - +0 ring mail
rPois    .         Spirit   .   (helmet restricted)
rElec    .         Reflect  .   (no cloak)
rCorr    .         Harm     .   (no gloves)
MR       .....                  (no boots)
Stlth    +.........             (no amulet)
HPRegen  0.09/turn              (no ring)
MPRegen  0.08/turn              (no ring)

@: no status effects
A: antennae 1, sturdy frame 1
a: no special abilities


You were on level 1 of the Dungeon.
You were not hungry.

You visited 1 branch of the dungeon, and saw 2 of its levels.

You collected 53 gold pieces.

Inventory:

Hand Weapons
 a - a +0 falchion (weapon)
Armour
 b - a +0 robe
 h - a +0 ring mail (worn)
Scrolls
 d - 2 scrolls of teleportation {unknown}
 f - a scroll of remove curse {unknown}
 g - a scroll of identify {unknown}
 k - a scroll of enchant armour {unknown}
Comestibles
 c - a bread ration
 j - 3 fruits


   Skills:
 + Level 3.2 Fighting
 + Level 3.3 Long Blades
 + Level 0.3 Armour
 + Level 2.9 Dodging
 + Level 2.0 Stealth


You had 2 spell levels left.
You didn't know any spells.

Dungeon Overview and Level Annotations

Branches:
Dungeon (2/15)

Altars:

Annotations:
D:1 Terence


Innate Abilities, Weirdness & Mutations

You have a pair of small antennae on your head.
Your movements are slightly less encumbered by armour. (ER -2)


Message History

Terence hits you from afar with a trident!
You barely miss the adder.
You feel yourself slow down. The adder misses you.
You riposte.
You closely miss the adder. The ooze barely misses you.
Terence barely misses you.
You hit the adder but do no damage. The adder bites you.
You are poisoned.
The adder poisons you! The ooze hits you.
* * * LOW HITPOINT WARNING * * *
The adder bites you.
* * * LOW HITPOINT WARNING * * *
Terence barely misses you.
You feel better. The adder bites you.
* * * LOW HITPOINT WARNING * * *
The ooze misses you. Terence closely misses you.
You closely miss the adder. The adder bites you but does no damage.
The ooze hits you.
* * * LOW HITPOINT WARNING * * *
The adder bites you.
You die...

...♣♣.♣♣.♣♣♣..♣#......#.#
.♣..♣.♣..♣..♣♣♣#.#####.##
..♣..♣♣.♣.♣♣..♣#.# #.#
..♣..♣.♣...♣♣.♣#.# #.#
♣.♣.♣..♣♣♣.♣..♣#.# #.#
.♣..♣.♣.♣♣♣.♣♣♣#.# #.#
...♣♣.♣♣..♣♣♣.♣#.# #.#
♣..♣.♣♣.♣...♣.♣#S# #.#
♣...♣.♣♣♣♣♣♣..♣#@# #.#
..♣..♣.).♣.♣♣♣♣#J# #.#
...♣♣.♣♣♣..♣♣♣♣#@# #.#
..♣...♣.♣.♣♣..♣### #.#
...♣♣.♣♣.♣♣..♣♣ #.#
.♣...♣♣.♣..♣.<♣ #.##
♣♣♣♣♣♣♣♣♣♣♣♣♣♣♣ #..#
###### ####### ##.#
.....# ##..#..# #.#


You could see Terence, an ooze and an adder.

Vanquished Creatures
  2 oozes (D:1)
  3 dart slugs (D:1)
  A leopard gecko (D:1)
  An orc (D:1)
  2 bats (D:1)
  2 giant cockroaches (D:1)
  3 goblins (D:1)
  3 hobgoblins (D:1)
  3 kobolds (D:1)
  A frilled lizard (D:1)
  2 rats (D:1)
23 creatures vanquished.

Notes
Turn   | Place    | Note
-------+----------+-------------------------------------------
     0 | D:1      | slep the Demonspawn Monk began the quest for the Orb.
     0 | D:1      | Reached XP level 1. HP: 18/18 MP: 1/1
   207 | D:1      | Gained mutation: Your movements are slightly less encumbered by armour. (ER -2) [demonic ancestry]
   207 | D:1      | Reached XP level 2. HP: 23/24 MP: 2/2
   568 | D:1      | Gained mutation: You have a pair of small antennae on your head. [demonic ancestry]
   568 | D:1      | Reached XP level 3. HP: 26/29 MP: 3/3
   839 | D:2      | Noticed Terence
   878 | D:1      | Slain by an adder

Vault maps used:
D:1:      erik_arrival_cave_to_civilisation, columned_hall_lemuel,
          moated_statue, kennysheep_nondescript
D:2:      nicolae_ru_the_path_less_chosen, minmay_tall_x, uniq_terence

Skill      XL: |  1  2  3 |
---------------+----------+-----
Long Blades    | 3 |  3.3
Stealth        | 2 |  2.0
Fighting       | |  3.2
Armour         | |  0.3
Dodging        | |  2.9

Action                   || total
-------------------------++-------
Melee: Falchion          ||    83
  Use: Potion            ||     4
 Stab: Sleeping          ||     1
Armor: Ring mail         ||    27
       Robe              ||     3
Dodge: Dodged            ||    72
       Rpst.: Falchion   ||    20

Table legend:
 A = Spawn XP
 B = Non-spawn XP
 C = Spawn XP percentage of total XP
 D = Spawn monster count
 E = Non-spawn monster count
 F = Spawn count percentage of total count
 G = Total turns spent on level
                    A         B        C        D         E        F      G
               +---------+---------+-------+---------+---------+-------+---------
         Total |       0 |      57 |   0.0 |       0 |      23 |   0.0 |   878
               +---------+---------+-------+---------+---------+-------+---------
           D:1 |       0 |      57 |   0.0 |       0 |      23 |   0.0 |   869
               +---------+---------+-------+---------+---------+-------+---------
